 Dungeon Sprint DCSS version 0.26.1-11-gd32895ea62 (webtiles) character file.

Game seed: 1234423965039754655

115 Zeld the Shield-Bearer (level 5, -5/35 HPs)
             Began as a Gargoyle Fighter on June 15, 2021.
             Slain by Sigmund
             ... wielding a +0 scythe
              (7 damage)
             ... in the Dungeon (Sprint I: "Red Sonja").
             The game lasted 00:00:28 (568 turns).

Zeld the Shield-Bearer (Gargoyle Fighter)            Turns: 568, Time: 00:00:29

Health: -5/35      AC: 11    Str: 21    XL:     5   Next: 0%
Magic:  5/5        EV:  8    Int:  8    God:
Gold:   54         SH: 10    Dex:  9    Spells: 4/4 levels left

rFire    . . .     SeeInvis .   a - +0 flail
rCold    . . .     Faith    .   c - +0 kite shield
rNeg     + . .     Spirit   .   b - +0 scale mail
rPois    ∞         Reflect  .   (no helmet)
rElec    +         Harm     .   (no cloak)
rCorr    .         Rampage  .   (no gloves)
Will     .....     NoTele   +   (no boots)
Stlth    ..........             (no amulet)
HPRegen  0.11/turn              (no ring)
MPRegen  0.09/turn              (no ring)

@: mighty
A: negative energy resistance 1, electricity resistance, unbreathing,
petrification resistance, miasma immunity, AC +4
a: no special abilities


You were in the Dungeon.
You visited 1 branch You collected 54 gold pieces.

Inventory:

Hand Weapons
 a - a +0 flail (weapon)
Armour
 b - a +0 scale mail (worn)
 c - a +0 kite shield (worn)
Scrolls
 j - a scroll of blinking
Potions
 e - a potion of curing
 f - a potion of heal wounds
 g - a potion of haste
 h - 2 potions of magic
 i - a potion of berserk rage


   Skills:
 + Level 5.2 Fighting
 * Level 5.7 Maces & Flails
 + Level 5.2 Armour
 * Level 6.8 Shields


You had 4 spell levels left.
You didn't know any spells.
Your spell library was empty.

Dungeon Overview and Level Annotations

Branches:
Dungeon (1/1)

Altars:

Annotations:
D Sigmund


Innate Abilities, Weirdness & Mutations

You are resistant to torment.
Your stone body is resilient. (AC +4)
You are immune to poison.
You resist negative energy. (rN+)
You are resistant to electric shocks. (rElec)
You can survive without breathing.
You are immune to petrification.
You are immune to miasma.


Message History

There is an open door here.
You bump into the rock wall.
You feel less confused.
You see here a +0 giant club.
Something hits you.
* * * LOW HITPOINT WARNING * * *
Something hits you but does no damage.
You miss something. You miss something. You block something's attack.
You barely miss something.
Sigmund appears from thin air!
Reactivating autopickup.
You block Sigmund's attack.
You closely miss Sigmund.
Sigmund is moderately wounded.
Sigmund points at you and mumbles some strange words.
The puff of flame hits you but does no damage.
You hit Sigmund.
Sigmund is moderately wounded.
Sigmund hits you with a +0 scythe!
You die...

#############
#<.#..').#..+
#..'[.#.@@..#
#..#####'####
#..# #..#
#..# ####
#..# #⌠⌠#
####


You could see Sigmund.

Vanquished Creatures
  An ogre (D)
  Ijyb (D)
2 creatures vanquished.

Notes
Turn   | Place    | Note
-------+----------+-------------------------------------------
     0 | D        | Zeld the Gargoyle Fighter began the quest for the Orb.
     0 | D        | Reached XP level 1. HP: 14/14 MP: 1/1
     2 | D        | Noticed Ijyb
    17 | D        | Killed Ijyb
    18 | D        | Reached skill level 4 in Shields
    18 | D        | Reached XP level 2. HP: 15/20 MP: 2/2
    18 | D        | Reached XP level 3. HP: 18/24 MP: 3/3
   276 | D        | Noticed an ogre
   282 | D        | Killed an ogre
   283 | D        | Reached skill level 5 in Fighting
   283 | D        | Reached skill level 5 in Maces & Flails
   283 | D        | Reached skill level 5 in Armour
   283 | D        | Reached skill level 6 in Shields
   283 | D        | Reached XP level 4. HP: 15/31 MP: 4/4
   283 | D        | Reached XP level 5. HP: 17/35 MP: 5/5
   542 | D        | Noticed Sigmund
   562 | D        | HP: 1/35 [something (6)]
   568 | D        | Slain by Sigmund

Illustrated notes

Levels and vault maps discovered:
D:        dungeon_sprint_1 [red_sonja_temple_1, red_sonja_temple_small_1]

Skill      XL: |  1  2  3 |
---------------+----------+-----
Fighting       | 4 5 |  5.2
Maces & Flails | 3 5 |  5.7
Armour         | 4 5 |  5.2
Shields        | 4 6 |  6.8

Action                   |  1- 3 |  4- 6 || total
-------------------------+-------+-------++-------
Melee: Flail             |    19 |    13 ||    32
  Use: Potion            |       |     1 ||     1
Armor: Scale mail        |     8 |     4 ||    12
Dodge: Dodged            |     5 |       ||     5
Block: Kite shield       |     7 |     5 ||    12
